 Dungeon Crawl Stone Soup version 0.31.0-1-g2c135a008e (webtiles) character file.

Game seed: 6779764648356799240

42 qw the Shooter (level 3, 0/29 HPs)
             Began as a Djinni Hunter on Jan 23, 2024.
             Slain by a gnoll
             ... wielding a +0 flail
              (5 damage)
             ... on level 1 of the Dungeon.
             The game lasted 00:00:03 (799 turns).

qw the Shooter (Djinni Hunter)                       Turns: 799, Time: 00:00:03

Health: 0/29       AC:  5    Str: 10    XL:     3   Next: 77%
Gold:   44         EV: 12    Int: 10    God:
                   SH:  0    Dex: 18

rFire   + + .        a - +0 shortbow
rCold   x . .        (shield currently unavailable)
rNeg    . . .        c - +0 leather armour
rPois   inf          e - +2 hat
rElec   .            (no cloak)
rCorr   .            (no gloves)
SInv    .            (boots unavailable)
Will    .....        (no amulet)
Stlth   ++           (no ring)
HPRegen 0.24/turn    (no ring)
MPRegen 0.00/turn

%: infuse magic (-1 HP)
@: flying
A: sickness immunity, fire resistance 2, cold vulnerability 1, float, innate
caster, HP casting, extra vitality 1
a: no special abilities


You were on level 1 of the Dungeon.
You visited 1 branch of the dungeon, and saw 2 of its levels.

You collected 44 gold pieces.


Innate Abilities, Weirdness & Mutations

You are immune to sickness and miasma.
You are immune to poison.
Your flesh is very heat resistant. (rF++)
You are vulnerable to cold. (rC-)
You float through the air rather than walking.
You learn spells naturally, not from books.
Your magical power is your life essence.
You have superior vitality. (+4 MHP)


   Skills:
 + Level 2.7 Fighting
 - Level 4.0 Ranged Weapons
 - Level 2.1 Dodging
 - Level 0.7 Stealth


You knew the following spells:

 Your Spells              Type           Power      Damage    Failure   Level
a - Slow                  Hex            0%         N/A       45%         1
Your spell library was empty.

Inventory:

Hand Weapons
 a - a +0 shortbow (weapon)
Armour
 c - a +0 leather armour (worn)
 e - a +2 hat (worn)
Scrolls
 f - a scroll of identify
Potions
 g - a potion of heal wounds
 h - 3 potions of enlightenment

Dungeon Overview and Level Annotations

Branches:
Dungeon (2/15)

Altars:


Message History

The gnoll hits you with a +0 club.
You shoot an arrow. The arrow completely misses the gnoll.
The gnoll hits you with a +0 club.
You shoot an arrow. The arrow hits the gnoll.
The gnoll is heavily wounded.
The gnoll hits you with a +0 club. x2
You shoot an arrow. The arrow hits the gnoll.
The gnoll is almost dead.
The gnoll closely misses you.
You shoot an arrow. The arrow hits the gnoll.
You kill the gnoll!
You start resting.
HP restored.
Done exploring.
What level of the Dungeon? (default 2, ? - help)
You fly downwards.
There is a stone staircase leading up here.
There are monsters nearby!
792 ||| STAIRDANCE The gnoll barely misses you.
The gnoll hits you but does no damage.
You fly upwards.
There is a stone staircase leading down here.
You shoot an arrow. The arrow barely misses the gnoll.
The gnoll closely misses you. The gnoll hits you but does no damage.
You shoot an arrow. The arrow barely misses the gnoll.
The gnoll barely misses you. x2
You shoot an arrow. The arrow hits the gnoll.
The gnoll is heavily wounded.
The gnoll hits you with a +0 flail! The gnoll barely misses you.
The gnoll hits you with a +0 flail. The gnoll closely misses you.
You shoot an arrow.
The arrow hits the gnoll but does no damage.
The gnoll is heavily wounded.
The gnoll hits you with a +0 flail. The gnoll hits you but does no damage.
You shoot an arrow. The arrow hits the gnoll!
You kill the gnoll!
The gnoll closely misses you.
You shoot an arrow. The arrow barely misses the gnoll.
The gnoll hits you with a +0 flail. x2
You die...

### #......%..# #
###.##...## #
#.##.).# # #.##...# #
#.##..)# # #.##...#
##########....).#####
........#####..g#...#
##...#.........)@.#.#
.##..##..#####.)#...#
.##..##..# #..##.##
#..##[.###
#.....#######
#..##..###
#..........?#
.##<.##..#
#......####.#
.##..##..# #.###).#
#.# #..##..###
#.###..# #.#
#..##..### #.##...#
#.#


You could see a gnoll.

Vanquished Creatures
  2 gnolls (D:1)
  A ball python (D:1)
  2 bats (D:1)
  A giant cockroach (D:1)
  3 jackals (D:1)
  2 kobolds (D:1)
  2 quokkas (D:1)
  A frilled lizard (D:1)
  3 goblins (D:1)
  3 rats (D:1)
20 creatures vanquished.

Notes
Turn   | Place    | Note
-------+----------+-------------------------------------------
     0 | D:1      | qw the Djinni Hunter began the quest for the Orb.
     0 | D:1      | Reached XP level 1. HP: 18/18 MP: 0/0
     0 | D:1      | 0 ||| qw: Version: 0.3-a-134-g2ba4250
     0 | D:1      | 0 ||| qw: Game counter: 728
     0 | D:1      | 0 ||| qw: Melee chars always use a shield: true
     0 | D:1      | 0 ||| qw: God list: Okawaru
     0 | D:1      | 0 ||| qw: Allow faded altars: false
     0 | D:1      | 0 ||| qw: Do Orc after clearing Dungeon:15 true
     0 | D:1      | 0 ||| qw: Do second Lair branch before Depths: true
     0 | D:1      | 0 ||| qw: Lair rune preference: random
     0 | D:1      | 0 ||| qw: Goals: Normal
     0 | D:1      | 0 ||| PLANNING D:1-11
   155 | D:1      | Reached XP level 2. HP: 23/23 MP: 0/0
   400 | D:1      | Reached XP level 3. HP: 28/28 MP: 0/0
   400 | D:1      | Learned a level 1 spell: Slow
   442 | D:1      | Reached skill level 4 in Ranged Weapons
   680 | D:1      | 680 ||| UPGRADING to +2 hat.
   685 | D:1      | 685 ||| READING 5 scrolls labelled JAM JUEPEHUU.
   686 | D:1      | 686 ||| READING 4 scrolls labelled MEWEIW MUVVAUVVO.
   686 | D:1      | 686 ||| IDENTIFYING sapphire potion
   687 | D:1      | 687 ||| READING 3 scrolls of identify.
   687 | D:1      | 687 ||| IDENTIFYING 3 smoky white potions
   688 | D:1      | 688 ||| READING 2 scrolls of identify.
   688 | D:1      | 688 ||| IDENTIFYING scroll labelled SOCLIDGHERU
   689 | D:1      | 689 ||| DROPPING scroll of butterflies.
   690 | D:1      | 690 ||| DROPPING 4 scrolls of immolation.
   691 | D:1      | 691 ||| DROPPING scroll of revelation.
   703 | D:2      | 703 ||| RETREEEEATING.
   705 | D:2      | 705 ||| RETREEEEATING.
   707 | D:2      | 707 ||| RETREEEEATING.
   709 | D:2      | 709 ||| STAIRDANCE
   792 | D:2      | 792 ||| STAIRDANCE
   799 | D:1      | HP: 5/29 [gnoll/+0 flail (6)]
   799 | D:1      | Slain by a gnoll

Levels and vault maps discovered:
D:1:      lightli_iron_boxes, layout_loops_ring
D:2:      layout_rooms, ebering_ecumenical_altar_ruins, uniq_jessica

Skill      XL: |  1  2  3 |
---------------+----------+-----
Ranged Weapons | 4 |  4.0
Fighting       | |  2.7
Dodging        | |  2.1
Stealth        | |  0.7

Action                     || total
---------------------------++-------
   Fire: Shortbow          ||    83
    Use: Scroll            ||     4
 Armour: Leather armour    ||    42
  Dodge: Dodged            ||    40

Table legend:
 A = Non-vault XP
 B = Vault XP
 C = Vault XP percentage of total XP
 D = Non-vault monster count
 E = Vault monster count
 F = Vault count percentage of total count
                 A         B        C        D         E       F
            +---------+---------+-------+---------+---------+-------
      Total |      60 |       0 |   0.0 |      20 |       0 |   0.0
            +---------+---------+-------+---------+---------+-------
        D:1 |      60 |       0 |   0.0 |      20 |       0 |   0.0
            +---------+---------+-------+---------+---------+-------
